 Dungeon Crawl Stone Soup version 0.22-a0-525-gf69a080 (webtiles) character file.

18 BingusPrime the Sneak (level 2, 0/28 HPs)
             Began as an Octopode Assassin on June 20, 2018.
             Succumbed to an adder's poison
             ... on level 2 of the Dungeon.
             The game lasted 00:01:29 (572 turns).

BingusPrime the Sneak (Octopode Assassin)            Turns: 572, Time: 00:01:30

Health: 0/28       AC:  1    Str: 15    XL:     2   Next: 70%
Magic:  2/2        EV: 13    Int: 13    God:
Gold:   53         SH:  0    Dex: 13    Spells: 1/1 levels left

rFire    . . .     SeeInvis .   a - +2 dagger
rCold    . . .     Gourm    .   (no shield)
rNeg     . . .     Faith    .   (helmet restricted)
rPois    .         Spirit   .   (no amulet)
rElec    .         Reflect  .   (no ring)
rCorr    .         Harm     .   (no ring)
MR       .....                  (no ring)
Stlth    ..........             (no ring)
HPRegen  0.09/turn              (no ring)
MPRegen  0.08/turn              (no ring)
                                (no ring)
                                (no ring)

@: berserking, lethally poisoned (0 -> -7), very quick
A: almost no armour, stealthy swim, amphibious, 8 rings, constrict 8, camouflage
1, gelatinous body 1
a: no special abilities


You were on level 2 of the Dungeon.
You were not hungry.

You visited 1 branch of the dungeon, and saw 2 of its levels.

You collected 53 gold pieces.

Inventory:

Hand Weapons
 a - a +2 dagger (weapon)
 b - a +0 blowgun
Missiles
 c - 8 poisoned needles (quivered)
 d - 2 curare-tipped needles
Scrolls
 e - 2 scrolls of identify {unknown}
 g - a scroll of amnesia {unknown}
 h - 2 scrolls of fear {unknown}
 j - a scroll of teleportation {unknown}
 k - a scroll of immolation {unknown}
Comestibles
 f - 3 rations


   Skills:
 + Level 2.1 Fighting
 + Level 2.1 Short Blades
 + Level 2.1 Throwing
 + Level 1.0 Dodging
 + Level 6.1 Stealth


You had one spell level left.
You didn't know any spells.
Your spell library was empty.

Dungeon Overview and Level Annotations

Branches:
Dungeon (2/15)

Altars:
Cheibriados


Innate Abilities, Weirdness & Mutations

You cannot wear most types of armour.
You are very stealthy in the water. (Stealth+)
You are amphibious.
You can wear up to eight rings at the same time.
You can use your tentacles to constrict eight enemies at once.
Your skin changes colour to match your surroundings (Stealth+).
Your rubbery body absorbs attacks. (AC +1, EV +1)


Message History

You hit the adder.
You kill the adder!
Your Stealth skill increases to level 6!
* * * LOW HITPOINT WARNING * * *
You feel sick.
Found 6 tomahawks.
You see here an adder corpse.
It was a potion of berserk rage.
A red film seems to cover your vision as you go berserk!
You feel yourself moving faster!
You feel mighty!
* * * LOW HITPOINT WARNING * * *
You feel sick.
You are too berserk!
You are too berserk!
Unknown command.
You closely miss the rat. Your grab misses the rat. The rat bites you.
* * * LOW HITPOINT WARNING * * *
You puncture the rat!
You kill the rat!
You die...

...... ## ..?.... .....#
..#####...... #.....
........... .....#
##...>....# . #....##
##..#.....## ...
#......##.........(#...#
.....#K..!..............
#....###?.......@....#
####..#...............#
....................#.#
.###.†................#
.##.................#...
.#..#......#........# .(
##.##......##.....#.# .
##. #.....####...##.#
#.. #.....# .#..


There were no monsters in sight!

Vanquished Creatures
  An adder (D:2)
  3 bats (D:2)
  2 hobgoblins (D:1)
  2 kobolds (D:1)
  2 rats (D:2)
10 creatures vanquished.

Notes
Turn   | Place    | Note
-------+----------+-------------------------------------------
     0 | D:1      | BingusPrime the Octopode Assassin began the quest for the Orb.
     0 | D:1      | Reached XP level 1. HP: 14/14 MP: 1/1
   481 | D:2      | Found a snail-covered altar of Cheibriados.
   524 | D:2      | Reached XP level 2. HP: 17/19 MP: 2/2
   568 | D:2      | Reached skill level 6 in Stealth
   571 | D:2      | HP: 1/28 [rat (2)]
   572 | D:2      | Succumbed to an adder's poison

Vault maps used:
D:1:      dpeg_arrival_ternary
D:2:      cheibriados_altar_1, st_stairs_11, uniq_jessica

Skill      XL: |  1  2 |
---------------+-------+-----
Stealth        | 6 |  6.1
Fighting       | |  2.1
Short Blades   | |  2.1
Throwing       | |  2.1
Dodging        | |  1.0

Action                   || total
-------------------------++-------
Melee: Dagger            ||    23
       Constrict         ||     4
       Tentacles         ||     2
  Use: Potion            ||     1
 Stab: Sleeping          ||     3
Armor: Skin              ||     6
Dodge: Dodged            ||    12

Table legend:
 A = Spawn XP
 B = Non-spawn XP
 C = Spawn XP percentage of total XP
 D = Spawn monster count
 E = Non-spawn monster count
 F = Spawn count percentage of total count
 G = Total turns spent on level
                    A         B        C        D         E        F      G
               +---------+---------+-------+---------+---------+-------+---------
         Total |       0 |      27 |   0.0 |       0 |      10 |   0.0 |   572
               +---------+---------+-------+---------+---------+-------+---------
           D:1 |       0 |       6 |   0.0 |       0 |       4 |   0.0 |   479
           D:2 |       0 |      21 |   0.0 |       0 |       6 |   0.0 |    93
               +---------+---------+-------+---------+---------+-------+---------
